 Dungeon Crawl Stone Soup version 0.26-a0-519-gb2f46efeda (webtiles) character file.

Game seed: 1307309971388566171

177 KristoblXynda the Slasher (level 5, -2/45 HPs)
             Began as a Draconian Gladiator on Aug 10, 2020.
             Slain by a gnoll
             ... wielding a +0 spear
              (4 damage)
             ... on level 4 of the Dungeon.
             The game lasted 00:03:00 (2649 turns).

KristoblXynda the Slasher (Draconian Gladiator)     Turns: 2649, Time: 00:03:00

Health: -2/45      AC:  5    Str: 16    XL:     5   Next: 31%
Magic:  5/5        EV: 13    Int:  9    God:
Gold:   159        SH:  0    Dex: 13    Spells: 4/4 levels left

rFire    . . .     SeeInvis .   a - +0 long sword
rCold    . . .     Faith    .   (no shield)
rNeg     . . .     Spirit   .   (armour unavailable)
rPois    .         Reflect  .   b - +0 hat
rElec    .         Harm     .   (no cloak)
rCorr    .                      (no gloves)
MR       .....                  (no boots)
Stlth    +.........             (no amulet)
HPRegen  0.15/turn              (no ring)
MPRegen  0.09/turn              (no ring)

@: no status effects
A: unfitting armour, cold-blooded, AC +5
a: no special abilities


You were on level 4 of the Dungeon.
You visited 1 branch of the dungeon, and saw 4 of its levels.

You collected 159 gold pieces.

Inventory:

Hand Weapons
 a - a +0 long sword (weapon)
Missiles
 c - 3 throwing nets (quivered)
Armour
 b - a +0 hat (worn)
 u - the +4 Cigotuvi's embrace {rRot *Drain rN+}
   (You found it on level 4 of the Dungeon)

   It protects you from negative energy.
   It causes draining when unequipped.
Jewellery
 t - an uncursed amulet of guardian spirit {unknown}
Scrolls
 e - a scroll of amnesia {unknown}
 g - 3 scrolls of identify {unknown}
 h - a scroll of enchant weapon {unknown}
 i - a scroll of immolation {unknown}
 j - a scroll of magic mapping {unknown}
 k - a scroll of noise {unknown}
 l - a scroll of fear {unknown}
 n - a scroll of enchant armour {unknown}
 s - a scroll of teleportation {unknown}
Potions
 d - a potion of might {unknown}
 f - a potion of curing {unknown}
 m - a potion of stabbing {unknown}
 o - 2 potions of degeneration {unknown}
 p - a potion of brilliance {unknown}
 q - a potion of magic {unknown}
 r - a potion of resistance {unknown}


   Skills:
 + Level 3.5 Fighting
 * Level 4.7 Long Blades
 - Level 2.0 Throwing
 + Level 3.5 Dodging


You had 4 spell levels left.
You didn't know any spells.
Your spell library was empty.

Dungeon Overview and Level Annotations

Branches:
Dungeon (4/15)
 Temple: D:4-7

Altars:
Fedhas
Okawaru
Trog


Innate Abilities, Weirdness & Mutations

Your plain brown scales are hard. (AC +5)
You cannot fit into any form of body armour.
You are cold-blooded and may be slowed by cold attacks.


Message History

The gnoll closely misses you. The gnoll hits you with a +0 spear.
Things that are here:
a +0 short sword; a gnoll corpse; an orc corpse You completely miss the gnoll.
You tail-slap the gnoll.
The gnoll is moderately wounded.
The gnoll hits you with a +0 spear!
You hit the gnoll.
The gnoll is severely wounded.
The gnoll closely misses you. The gnoll hits you but does no damage.
You closely miss the gnoll. You tail-slap the gnoll.
The gnoll is almost dead.
The gnoll hits you with a +0 spear!
* * * LOW HITPOINT WARNING * * *
The gnoll closely misses you.
The gnoll hits you from afar with a +0 spear.
* * * LOW HITPOINT WARNING * * *
The gnoll closely misses you.
You riposte.
You barely miss the gnoll.
The gnoll hits you from afar with a +0 spear.
You die...

####.####.# #.#....#
#.#.################.
#.#.## #............
#....####.###.###.##
#..#......# #.# .#
##...###### #.# .#
##.## #.# .# #.#
##@###.## #.#
#...go..# #.#
#.g###..# #.# #...
..... #. #.## #o####
#. .# #. gg .. ## #


You could see 2 gnolls and an orc.

Vanquished Creatures
  An orc wizard (D:4)
  A hound skeleton (D:4)
  4 adders
  A gnoll (D:4)
  2 oozes (D:1)
  3 worms
  2 dart slugs (D:2)
  2 orcs (D:4)
  7 bats
  2 giant cockroaches
  3 hobgoblins
  9 jackals
  9 kobolds
  A quokka (D:3)
  A ball python (D:1)
  6 frilled lizards
  8 goblins
  11 rats
73 creatures vanquished.

Notes
Turn   | Place    | Note
-------+----------+-------------------------------------------
     0 | D:1      | KristoblXynda the Draconian Gladiator began the quest for
                  | the Orb.
     0 | D:1      | Reached XP level 1. HP: 17/17 MP: 1/1
    27 | D:1      | Reached XP level 2. HP: 22/25 MP: 2/2
   406 | D:1      | Reached XP level 3. HP: 30/30 MP: 3/3
  1429 | D:2      | Found a blossoming altar of Fedhas.
  1447 | D:2      | Reached skill level 4 in Long Blades
  1447 | D:2      | Reached XP level 4. HP: 37/38 MP: 4/4
  1866 | D:3      | Found a bloodstained altar of Trog.
  1866 | D:3      | Found an iron altar of Okawaru.
  2609 | D:4      | Found the +4 Cigotuvi's embrace {rRot *Drain rN+}
  2633 | D:4      | Reached XP level 5. HP: 33/45 MP: 5/5
  2648 | D:4      | HP: 2/45 [gnoll/+0 spear (6)]
  2649 | D:4      | Slain by a gnoll

Illustrated notes

Levels and vault maps discovered:
D:1:      nzn_arrival_water_spiral, layout_basic
D:2:      layout_loops_ring, fedhas_altar_1
D:3:      layout_rooms, grunt_temple_overflow_open
D:4:      layout_loops_ring, grunt_temple_overflow_order_and_chaos_1,
          serial_shops, shop_statue, uniq_ijyb, uniq_sigmund

Skill      XL: |  1  2  3 |
---------------+----------+-----
Throwing       | 2 |  2.0
Dodging        | 3 |  3.5
Fighting       | 3 |  3.5
Long Blades    | 4 |  4.7

Action                   |  1- 3 |  4- 6 || total
-------------------------+-------+-------++-------
Melee: Long sword        |   101 |    91 ||   192
       Tailslap          |    14 |    13 ||    27
 Stab: Sleeping          |     2 |     1 ||     3
Armor: Skin              |    29 |    26 ||    55
Dodge: Dodged            |    78 |   102 ||   180
       Rpst.: Long sword |    22 |    29 ||    51

Table legend: (Time is in decaauts)
 A = Elapsed time spent in this place.
 B = Non-inter-level travel time spent in this place.
 C = Inter-level travel time spent in this place.
 D = Time resting spent in this place.
 E = Time spent auto-exploring this place.
 F = Levels seen in this place.
 G = Mean time per level.
                   A        B        C        D        E       F      G
               +--------+--------+--------+--------+--------+-----+--------+
         Total |   2688 |   2633 |     55 |    441 |   1592 |   4 |  672.0 |
       Dungeon |   2688 |   2633 |     55 |    441 |   1592 |   4 |  672.0 |
               +--------+--------+--------+--------+--------+-----+--------+

Top non-repeatable levels by time:
     D:2: 982 daAuts
     D:1: 892 daAuts
     D:3: 655 daAuts
     D:4: 157 daAuts
